 Dungeon Crawl Stone Soup version 0.27.1-35-g4d5d836560 (webtiles) character file.

Game seed: 9927879108108805476

185215 Delamore the Warrior (level 18, -2/134 HPs)
             Began as an Octopode Brigand on June 4, 2022.
             Was an Initiate of Gozag.
             Succumbed to a redback's poison
             ... on level 4 of the Spider Nest.
             The game lasted 01:18:41 (45395 turns).

Delamore the Warrior (Octopode Brigand)            Turns: 45395, Time: 01:18:42

Health: -2/134     AC: 10    Str: 11      XL:     18   Next: 43%
Magic:  21/28      EV: 21    Int: 17      God:    Gozag
Gold:   198        SH:  0    Dex: 16 (17) Spells: 16/31 levels left

rFire    + + .     SeeInvis +   w - +4 rapier (elec)
rCold    + . .     Faith    .   T - +1 buckler "Viemaps" {rF+ Slay+2}
rNeg     + + +     Spirit   .   P - +1 hat
rPois    +         Reflect  .   H - amulet of regeneration
rElec    .         Harm     .   p - ring "Tuirauf" {AC+4 Slay+5}
rCorr    +         Rampage  .   v - ring "Wypasaq" {rN+++ SInv}
Will     ++...                  A - ring of resist corrosion
Stlth    ++++++....             J - ring of protection from cold
HPRegen  1.32/turn              O - ring of Ughios {rF+ AC+4}
MPRegen  0.21/turn              Q - ring of Shadows {Umbra +Inv Stlth+}
                                Z - ring of willpower
                                L - ring of poison resistance

@: confused, lethally poisoned (-2 -> -23), ambrosia-drunk, on berserk cooldown,
slowed, wreathed by umbra, very slow
A: almost no armour, amphibious, 8 rings, camouflage 1, gelatinous body 1,
(nimble swimmer 1), tentacles
a: Renounce Religion, Evoke Invisibility, Potion Petition, Call Merchant, Bribe
Branch


You were on level 4 of the Spider Nest.
You worshipped Gozag.
Gozag was aware of your devotion.
You visited 6 branches of the dungeon, and saw 29 of its levels.
You also visited: Gauntlet and Ice Cave.

You collected 9950 gold pieces.
You spent 2567 gold pieces at shops.
You paid 7185 gold pieces to Gozag.

Inventory:

Hand Weapons
 w - a +4 rapier of electrocution (weapon)
Missiles
 c - 13 curare-tipped darts
 d - 19 silver javelins
 q - 4 silver boomerangs
 E - 4 javelins
 F - a throwing net
 G - 28 boomerangs (quivered)
 R - 5 atropa-tipped darts
Armour
 P - a +1 hat (worn)
 T - the +1 buckler "Viemaps" (worn) {rF+ Slay+2}
   (You found it on level 4 of the Spider Nest)

   Slay:      It affects your accuracy & damage with ranged weapons and melee
   (+2).
   rF:        It protects you from fire.
Jewellery
 g - a ring of flight
 p - the ring "Tuirauf" (left tentacle) {AC+4 Slay+5}
   (You acquired it on level 3 of the Dungeon)

   [ring of protection]

   AC:        It affects your AC (+4).
   Slay:      It affects your accuracy & damage with ranged weapons and melee
   (+5).
 v - the ring "Wypasaq" (right tentacle) {rN+++ SInv}
   (You acquired it on level 7 of the Dungeon)

   [ring of see invisible]

   rN:        It renders you almost immune to negative energy.
   SInv:      It lets you see invisible.
 y - a +6 ring of intelligence
 A - a ring of resist corrosion (on tentacle)
 H - an amulet of regeneration (around mantle)
 J - a ring of protection from cold (on tentacle)
 L - a ring of poison resistance (on tentacle)
 O - the ring of Ughios (on tentacle) {rF+ AC+4}
   (You bought it in a shop on level 10 of the Dungeon)

   [ring of protection]

   AC:        It affects your AC (+4).
   rF:        It protects you from fire.
 Q - the ring of Shadows (on tentacle) {Umbra +Inv Stlth+}
   (You bought it in a shop on level 10 of the Dungeon)

   [ring of stealth]

   It surrounds you with an aura of shadow, increasing your stealth and reducing
   the accuracy of all within it (including the wearer).
   +Inv:      It lets you turn invisible.
   Stlth:     It makes you more stealthy.
 W - a ring of willpower
 Z - a ring of willpower (on tentacle)
Wands
 k - a wand of acid (10)
 t - a wand of digging (12)
 u - a wand of flame (36)
 z - a wand of iceblast (30)
 K - a wand of mindburst (17)
 U - a wand of paralysis (27)
Scrolls
 a - 2 scrolls of silence
 b - a scroll of identify
 f - 3 scrolls of enchant weapon
 h - 8 scrolls of teleportation
 n - 2 scrolls of magic mapping
 o - 2 scrolls of brand weapon
 r - 5 scrolls of immolation
 s - 2 scrolls of summoning
 B - 2 scrolls of fog
 C - 3 scrolls of amnesia
 N - 5 scrolls of enchant armour
 S - 2 scrolls of vulnerability
Potions
 e - 3 potions of magic
 j - 7 potions of haste
 D - a potion of resistance
 M - a potion of invisibility
 V - a potion of might
 X - 2 potions of berserk rage
 Y - 5 potions of mutation
Miscellaneous
 m - a condenser vane (inert)


   Skills:
 - Level 15.0 Fighting
 - Level 14.0 Short Blades
 - Level 10.0 Throwing
 - Level 14.5 Dodging
 - Level 13.8 Stealth
 + Level 7.4 Shields
 - Level 7.0 Spellcasting
 + Level 12.1 Hexes
 + Level 11.8 Evocations


You had 16 spell levels left.
You knew the following spells:

 Your Spells              Type           Power      Damage    Failure   Level
a - Dazzling Flash        Conj/Hex       52%        N/A       3%          3
b - Tukima's Dance        Hex            47%        N/A       1%          3
c - Cause Fear            Hex            23%        N/A       1%          4
d - Silence               Hex/Air        13%        N/A       26%         5

Your spell library contained the following spells:

 Spells                   Type           Power      Damage    Failure   Level
 Inner Flame              Hex/Fire       26%        N/A       3%          3
 Leda's Liquefaction      Hex/Erth       13%        N/A       10%         4
 Animate Skeleton         Necr           10%        N/A       12%         1
 Freeze                   Ice            20%        1d4       12%         1
 Pain                     Necr           20%        1d5       12%         1
 Poisonous Vapours        Pois/Air       10%        N/A       17%         2
 Static Discharge         Conj/Air       5%         N/A       17%         2
 Sublimation of Blood     Necr           2%         N/A       17%         2
 Wereblood                Tmut           5%         N/A       17%         2
 Yara's Violent Unravell  Hex/Tmut       13%        3d7       26%         5
 Ignite Poison            Fire/Tmut/Pois 5%         N/A       34%         3
 Ozocubu's Armour         Ice            5%         N/A       34%         3
 Stone Arrow              Conj/Erth      10%        3d7       34%         3
 Vampiric Draining        Necr           2%         2d6       34%         3
 Dispel Undead            Necr           5%         3d7       75%         4
 Hailstorm                Conj/Ice       5%         3d4       75%         4
 Passage of Golubria      Tloc           N/A        N/A       75%         4
 Sticky Flame             Conj/Fire      5%         2d3       75%         4
 Agony                    Necr           5%         N/A       97%         5
 Alistair's Intoxication  Tmut/Pois      3%         N/A       97%         5
 Bolt of Magma            Conj/Fire/Erth 2%         4d4       97%         5
 Discord                  Hex            23%        N/A       99%         8
 Conjure Ball Lightning   Conj/Air       2%         3x3d6     100%        6
 Statue Form              Tmut/Erth      3%         N/A       100%        6
 Malign Gateway           Summ/Tloc      2%         N/A       100%        7
 Summon Hydra             Summ           2%         N/A       100%        7
 Disjunction              Tloc           2%         N/A       100%        8
 Summon Horrible Things   Summ           2%         N/A       100%        8
 Shatter                  Erth           2%         3d6*      100%        9


Dungeon Overview and Level Annotations

Branches:
Dungeon (15/15)            Temple (1/1) D:7            Lair (6/6) D:11
  Swamp (1/4) Lair:4       Spider (4/4) Lair:2        Slime (0/5) Lair:6
    Orc (2/2) D:9             Elf (0/3) Orc:2        Vaults (0/5) D:14
 Depths (0/5) D:15          IceCv (visited)         Gauntlet (visited)

Altars:
Ashenzari
Cheibriados
Dithmenos
Elyvilon
Fedhas
Gozag
Hepliaklqana
Kikubaaqudgha
Makhleb
Nemelex Xobeh
Okawaru
Qazlal
Ru
Sif Muna
Trog
Uskayaw
Vehumet
Wu Jian
Xom
Yredelemnul
Zin
The Shining One
Beogh
Jiyva

Shops:
D:7 *   D:10 =   D:13 =   D:14 ((   D:15 ?(   Orc:1 [   Orc:2 **(=   Lair:3 (
Lair:4 ?

Annotations:
D:8 2 transporters, oldnick's ghost, novice TrMo
Lair:3 2 transporters, Befuwnopp's ghost, journeyman TrHu
Spider:2 1 runed translucent door, Boen's ghost, adept DsAK
Spider:4 2 transporters, Delamore's ghost, adept OpBr


Innate Abilities, Weirdness & Mutations

You cannot wear most types of armour.
You are amphibious.
You can wear up to eight rings at the same time.
Your skin changes colour to match your surroundings (Stealth+).
Your rubbery body absorbs attacks. (AC +1, EV +1)
((You are camouflaged near water. (Stealth+)))
You have tentacles for arms and can constrict up to eight enemies at once.


Message History

The wolf spider bites you but does no damage.
The tarantella bites you.
* * * LOW HITPOINT WARNING * * *
The orb spider spins a strand of pure energy.
You block the tarantella's attack. The wolf spider hits you!
* * * LOW HITPOINT WARNING * * *
The wolf spider completely misses you. The redback bites you.
* * * LOW HITPOINT WARNING * * *
Okay, then. [a] - 351 gold - heal wounds, berserk rage and curing [b] - 644 gold - invisibility, might, heal wounds, curing and magic [c] - 616 gold - heal wounds, curing, magic, invisibility and might Purchase which effect?
You no longer have enough gold to petition Gozag for potion effects.
You feel much better.
You're still recovering from your berserk rage.
You feel better. The wolf spider barely misses you.
The wolf spider completely misses you. You block the redback's attack.
The tarantella completely misses you. The redback bites you!
* * * LOW HITPOINT WARNING * * *
You are lethally poisoned!
The redback poisons you! The tarantella bites you.
* * * LOW HITPOINT WARNING * * *
The wolf spider hits you.
* * * LOW HITPOINT WARNING * * *
The wolf spider closely misses you. The wolf spider misses you.
You block the wolf spider's attack. You block the tarantella's attack.
The redback bites you.
* * * LOW HITPOINT WARNING * * *
Okay, then.
As you read the scroll of fear, it crumbles to dust.
You assume a fearsome visage.
The redback looks frightened!
The wolf spider looks frightened!
The orb spider looks frightened!
The tarantella looks frightened!
* * * LOW HITPOINT WARNING * * *
You feel extremely sick.
You are confused.
You feel invigorated.
You die...
Your body crumbles into a pile of gold.

.............^.....$.....##
^.........................#
....(...#...............<.##
........................#..#
###©####.....<.............#
#s### #####....s.........$##
... ...#..^...........$.###
.s.# #...##.........^..$$$$.#
.##y.#.sW s.#...@..#).....$$..#
. .W©..##Ws#......s..........#
# ...#y...y#...#...........^^#
.s###s).##.##....?s......^....#
y$?ss:...#.........^........# #
##### ##s.................#
####.©:####......#.^..........#
..........)...................#
........^...$........^!.......


You could see 2 wolf spiders, a moth of wrath, an orb spider (charged, fleeing),
a tarantella (fleeing), a redback (fleeing) and Delamore's ghost (wandering).

Vanquished Creatures
  Nikola (Spider:2)
  Arachne (Spider:4)
  2 Ice Fiends (IceCv)
  Jorgrun (Orc:2)
  Rupert (D:14)
  Agnes (D:15)
  Gastronok (Orc:1)
  An orc warlord (Orc:1)
  6 ghost moths
  4 emperor scorpions
  2 entropy weavers
  A dire elephant (Lair:6)
  A spark wasp (Spider:4)
  A minotaur (Gauntlet)
  Snorg (D:14)
  2 fire dragons (D:15)
  Josephine (Lair:6)
  5 vault guards (D:14)
  5 boulder beetles
  6 hydras
  An ice dragon (D:15)
  A caustic shrike simulacrum (IceCv)
  An ogre mage (D:10)
  2 catoblepae
  4 two-headed ogres
  2 tengu warriors (D:14)
  A deep troll shaman (Lair:6)
  5 death yaks (Lair:6)
  5 orc high priests
  Nergalle (Lair:3)
  A deep elf knight (D:14)
  A fire crab (Lair:6)
  3 bog bodies (IceCv)
  2 obsidian statues (IceCv)
  A lindwurm (shapeshifter) (Gauntlet)
  Pikel (D:5)
  8 orc knights
  9 ugly things
  17 orb spiders
  3 deep elf pyromancers
  3 spectral wolf spiders (Spider:2)
  3 wolf spider zombies (Spider:2)
  5 orc sorcerers
  3 manticores
  7 cyclopes
  13 elephants
  26 wolf spiders
  A moth of wrath (Spider:2)
  6 centaur zombies
  2 gargoyles
  A smoke demon (Gauntlet)
  10 black mambas
  An ice statue (Spider:3)
  Maggie (D:8)
  3 kobold demonologists
  10 cane toads
  2 unseen horrors
  A komodo dragon (shapeshifter) (Gauntlet)
  2 freezing wraiths (IceCv)
  9 komodo dragons
  2 rime drakes
  7 demonic crawlers
  A red devil (Gauntlet)
  2 anaconda simulacra (IceCv)
  A tengu conjurer (D:14)
  2 entropy weaver simulacra (IceCv)
  3 golden dragon simulacra (IceCv)
  A polar bear (shapeshifter) (D:14)
  5 meliai
  31 jumping spiders
  10 trolls
  8 hornets (Spider:4)
  2 polar bears (Lair:6)
  A troll (shapeshifter) (D:13)
  24 blink frogs
  Grinder (D:5)
  A wind drake (shapeshifter) (D:15)
  5 wolf spider simulacra (Spider:2)
  12 slime creatures
  A raiju (shapeshifter) (Gauntlet)
  20 dream sheep
  A raiju (Gauntlet)
  7 wraiths
  2 shadows
  45 redbacks
  5 wyverns
  A vampire (D:11)
  5 water elementals
  A yak (shapeshifter) (D:15)
  41 tarantellas
  A human (D:14)
  42 yaks
  5 basilisks
  2 steam dragons
  8 vampire mosquitoes
  3 wargs (Orc:2)
  Edmund (D:4)
  6 hydra simulacra (IceCv)
  15 water moccasins
  An acid dragon (D:10)
  36 orc warriors
  2 ice beasts
  An ettin simulacrum (IceCv)
  3 black bears
  An alligator simulacrum (IceCv)
  6 sky beasts
  57 wolves
  9 centaurs
  7 ogres
  4 phantoms
  2 kobold brigands
  A gnoll sergeant (D:9)
  7 bullfrogs
  2 water moccasin skeletons
  2 wyvern skeletons
  17 killer bees
  A lindwurm simulacrum (IceCv)
  A wight (D:10)
  2 electric eels (D:11)
  2 crimson imps (Gauntlet)
  A bullfrog skeleton (D:7)
  27 orc priests
  A centaur skeleton (D:7)
  A gnoll shaman (D:8)
  2 jellies
  A hound (D:5)
  Ijyb (D:4)
  3 iguanas
  16 orc wizards
  5 hell rats (Lair:1)
  2 killer bee zombies
  A hound skeleton (D:4)
  12 gnolls
  8 adders
  4 white imps
  An ufetubus (D:5)
  An adder skeleton (D:4)
  A worm (D:5)
  3 dart slugs
  64 orcs
  5 ball pythons
  6 endoplasms
  3 giant cockroaches
  7 goblins
  7 hobgoblins
  5 jackals
  2 quokkas (D:3)
  6 bats
  5 frilled lizards
  16 kobolds
  9 rats
  A butterfly (Lair:5)
944 creatures vanquished.

Vanquished Creatures (collateral kills)
  An ice dragon (D:15)
  A wraith (D:6)
  An orc warrior (Orc:2)
  4 orcs (Orc:2)
7 creatures vanquished.

Vanquished Creatures (others)
  8 dancing weapons
  A jumping spider (Spider:1)
  A meliai (D:15)
  An orc wizard (Orc:1)
  45 fungi
  53 plants
109 creatures vanquished.

Grand Total: 1060 creatures vanquished

Notes
Turn   | Place    | Note
-------+----------+-------------------------------------------
     0 | D:1      | Delamore the Octopode Brigand began the quest for the Orb.
     0 | D:1      | Reached XP level 1. HP: 14/14 MP: 1/1
   284 | D:1      | Reached XP level 2. HP: 19/19 MP: 2/2
   425 | D:1      | Found a faded altar of an unknown god.
  1161 | D:2      | Reached XP level 3. HP: 24/24 MP: 3/3
  1653 | D:2      | Reached XP level 4. HP: 22/29 MP: 4/4
  2068 | D:3      | Learned a level 3 spell: Dazzling Flash
  2474 | D:3      | Reached XP level 5. HP: 6/34 MP: 5/5
  2755 | D:3      | Found a faded altar of an unknown god.
  2757 | D:3      | Found a hazy altar of Hepliaklqana.
  2880 | D:3      | Noticed a phantom
  2910 | D:3      | Killed a phantom
  2911 | D:3      | Reached skill level 5 in Short Blades
  3168 | D:3      | Found a broken altar of Ashenzari.
  3226 | D:3      | Reached XP level 6. HP: 39/39 MP: 6/6
  3526 | D:3      | Identified 2 scrolls of acquirement
  3526 | D:3      | Acquired a manual of Fighting
  3528 | D:3      | Acquired the ring "Tuirauf" {AC+4 Slay+5}
  3601 | D:4      | Found an ornate altar of the Wu Jian Council.
  3619 | D:4      | Noticed Ijyb
  3625 | D:4      | Killed Ijyb
  3761 | D:4      | Found a stormy altar of Qazlal.
  3766 | D:4      | Noticed Edmund
  3770 | D:4      | Killed Edmund
  3771 | D:4      | Reached XP level 7. HP: 45/45 MP: 7/7
  3804 | D:4      | Reached skill level 3 in Fighting
  4240 | D:5      | Entered Level 5 of the Dungeon
  4304 | D:5      | Reached skill level 5 in Fighting
  4304 | D:5      | Reached skill level 5 in Throwing
  4304 | D:5      | Reached XP level 8. HP: 51/55 MP: 8/8
  4359 | D:5      | Noticed Grinder
  4368 | D:5      | Killed Grinder
  4634 | D:5      | Noticed Pikel
  4655 | D:5      | Killed Pikel
  4656 | D:5      | Reached XP level 9. HP: 58/61 MP: 9/9
  4791 | D:5      | Found a snail-covered altar of Cheibriados.
  5127 | D:5      | Reached skill level 10 in Short Blades
  5352 | D:6      | Killed an unseen horror
  5353 | D:6      | Reached skill level 6 in Fighting
  5373 | D:6      | Reached skill level 7 in Fighting
  5983 | D:6      | Reached skill level 8 in Fighting
  6114 | D:6      | Found a shimmering blue altar of Sif Muna.
  6307 | D:7      | Reached skill level 5 in Dodging
  6313 | D:7      | Reached XP level 10. HP: 64/73 MP: 10/10
  6319 | D:7      | Reached skill level 9 in Fighting
  6529 | D:7      | Acquired the ring "Wypasaq" {rN+++ SInv}
  6621 | D:7      | Reached skill level 10 in Fighting
  6704 | D:7      | Reached skill level 1 in Evocations
  6767 | D:7      | Found a staircase to the Ecumenical Temple.
  6899 | Temple   | Entered the Ecumenical Temple
  7087 | Temple   | Became a worshipper of Gozag Ym Sagoz the Greedy
  7144 | D:7      | Found Xafank's General Store.
  7505 | D:8      | Found a transporter.
  7506 | D:8      | Noticed oldnick's ghost (novice TrMo)
  7511 | D:8      | Found a transporter.
  7568 | D:8      | Found a bloodstained altar of Trog.
  8434 | D:8      | Noticed Maggie
  8447 | D:8      | Killed Maggie
  9008 | D:9      | Found a staircase to the Orcish Mines.
  9032 | D:9      | Reached skill level 5 in Evocations
  9032 | D:9      | Reached XP level 11. HP: 45/81 MP: 11/11
  9383 | D:9      | Noticed a two-headed ogre
  9385 | D:9      | Killed a two-headed ogre
  9431 | D:9      | Found a basalt altar of Yredelemnul.
  9491 | D:9      | Found a sacrificial altar of Ru.
  9537 | D:9      | Found the +3 pair of gauntlets of War {Slay+5}
  9881 | D:9      | Reached skill level 10 in Stealth
 10422 | D:10     | Entered Level 10 of the Dungeon
 10653 | D:10     | Noticed a two-headed ogre
 10655 | D:10     | Killed a two-headed ogre
 11403 | D:10     | Noticed a skeletal warrior
 11427 | D:10     | HP: 2/81 [skeletal warrior (31)]
 11971 | D:10     | Reached skill level 10 in Dodging
 12413 | D:10     | Noticed an ogre mage
 12435 | D:10     | Reached skill level 1 in Spellcasting
 12435 | D:10     | Reached skill level 1 in Hexes
 12490 | D:10     | Killed an ogre mage
 12691 | D:10     | Noticed a purple ugly thing
 12702 | D:10     | Killed a purple ugly thing
 13043 | D:10     | Identified the +4 hand axe "Ymunol" {vorpal, rPois Will+
                  | Str+3}
 13415 | D:10     | Bought the ring of Ughios {rF+ AC+4} for 550 gold pieces
 13439 | D:11     | Reached XP level 12. HP: 68/89 MP: 14/16
 13622 | D:11     | Reached skill level 11 in Fighting
 13685 | D:11     | Found a staircase to the Lair.
 13859 | D:11     | Noticed a two-headed ogre
 13878 | D:11     | Killed a two-headed ogre
 14952 | Orc:1    | Entered Level 1 of the Orcish Mines
 14971 | Orc:1    | Reached skill level 12 in Fighting
 15009 | Orc:1    | Noticed Gastronok
 15026 | Orc:1    | Killed Gastronok
 15027 | Orc:1    | Reached skill level 5 in Spellcasting
 15027 | Orc:1    | Reached skill level 5 in Hexes
 15028 | Orc:1    | Found Kivvawke's Armour Emporium.
 15702 | Orc:2    | Entered Level 2 of the Orcish Mines
 15720 | Orc:1    | Reached skill level 13 in Fighting
 16128 | Orc:2    | Found a staircase to the Elven Halls.
 16604 | Orc:2    | Noticed an orc high priest
 17060 | Orc:1    | Killed an orc high priest
 17212 | Orc:2    | Reached XP level 13. HP: 75/100 MP: 20/20
 17780 | Orc:1    | Noticed Jorgrun
 17780 | Orc:1    | Noticed an orc warlord
 18048 | D:10     | Bought the ring of Shadows {Umbra +Inv Stlth+} for 440 gold
                  | pieces
 18048 | D:10     | Found the ring of Shadows {Umbra +Inv Stlth+}
 18395 | Orc:1    | Reached skill level 14 in Fighting
 19812 | Orc:2    | Found Vahe's General Store.
 19815 | Orc:2    | Found Celischia's General Store.
 19817 | Orc:2    | Found Tecka's Antique Weapon Boutique.
 19818 | Orc:2    | Found Coent's Jewellery Boutique.
 20358 | Orc:2    | Bought a scroll of acquirement for 728 gold pieces
 20543 | Lair:1   | Entered Level 1 of the Lair of Beasts
 20972 | Lair:1   | Acquired 594 gold pieces
 21133 | Lair:1   | Found a burning altar of Makhleb.
 21554 | Lair:2   | Reached skill level 1 in Shields
 22429 | Lair:2   | Found a hole to the Spider Nest.
 24129 | Lair:3   | Noticed Nergalle
 24136 | Lair:3   | Killed Nergalle
 24202 | Lair:3   | Reached XP level 14. HP: 92/108 MP: 21/21
 24234 | Lair:3   | Reached skill level 15 in Fighting
 24283 | Lair:3   | Reached skill level 10 in Throwing
 24791 | Lair:3   | Found a transporter.
 24792 | Lair:3   | Noticed Befuwnopp's ghost (journeyman TrHu)
 24795 | Lair:3   | Found a transporter.
 25823 | Lair:4   | Bought a scroll of fog for 30 gold pieces
 25823 | Lair:4   | Bought a scroll of noise for 15 gold pieces
 25823 | Lair:4   | Bought a scroll of immolation for 52 gold pieces
 25823 | Lair:4   | Bought a scroll of blinking for 112 gold pieces
 25823 | Lair:4   | Bought a scroll of blinking for 112 gold pieces
 26275 | Lair:4   | Found a staircase to the Swamp.
 26674 | Lair:4   | Identified the +0 dagger "Hocilot" {pain, rPois}
 27034 | Swamp:1  | Entered Level 1 of the Swamp
 28367 | Lair:6   | Entered Level 6 of the Lair of Beasts
 28516 | Lair:6   | Noticed Josephine
 28625 | Lair:6   | Killed Josephine
 28988 | Lair:6   | Reached XP level 15. HP: 58/116 MP: 18/22
 29854 | Lair:6   | Found a viscous altar of Jiyva.
 29854 | Lair:6   | Found a staircase to the Slime Pits.
 30106 | Lair:6   | Reached skill level 10 in Hexes
 31798 | Lair:3   | Bought a bloodstained dagger for 161 gold pieces
 31798 | Lair:3   | Identified the +5 dagger of Urgency {vorpal, rElec} (You
                  | bought it in a shop on level 3 of the Lair of Beasts)
 31946 | D:12     | Reached skill level 10 in Evocations
 33661 | D:13     | Found Mailul's Jewellery Shop.
 34687 | D:14     | Found Huzurios's Antique Weapon Emporium.
 34703 | D:14     | Found a gate leading to a gauntlet.
 34712 | Gauntlet | Entered a Gauntlet
 34712 | Gauntlet | Found a transporter.
 34715 | Gauntlet | Found a transporter.
 34717 | Gauntlet | Found a transporter.
 34733 | Gauntlet | Found a transporter.
 34736 | Gauntlet | Found a transporter.
 34743 | Gauntlet | Found a transporter.
 34759 | Gauntlet | Found a transporter.
 34767 | Gauntlet | Found a transporter.
 34783 | Gauntlet | Found a runed translucent door.
 34784 | Gauntlet | Found a transporter.
 34785 | Gauntlet | Found a runed translucent door.
 34788 | Gauntlet | Found a transporter.
 34810 | Gauntlet | Found a transporter.
 34810 | Gauntlet | Found a transporter.
 34838 | Gauntlet | Found a transporter.
 34842 | Gauntlet | Found a transporter.
 35281 | D:14     | Reached XP level 16. HP: 112/113 MP: 25/25
 35304 | D:14     | Learned a level 3 spell: Tukima's Dance
 35406 | D:14     | Noticed Snorg
 35412 | D:14     | Noticed Rupert
 35652 | D:14     | Found a gate to the Vaults.
 35891 | D:14     | Killed Rupert
 35989 | D:14     | Killed Snorg
 36262 | D:15     | Entered Level 15 of the Dungeon
 36295 | D:15     | Noticed Agnes
 36542 | Orc:2    | Killed Jorgrun
 37152 | Orc:2    | Bought a scroll of blinking for 97 gold pieces
 37153 | Orc:2    | Bought a potion of curing for 42 gold pieces
 37153 | Orc:2    | Bought a potion of curing for 42 gold pieces
 37386 | D:15     | Found Buxkuh's Magic Scroll Shop.
 37648 | D:15     | Found a hide-covered altar of Uskayaw.
 37688 | D:15     | Killed Agnes
 37865 | D:15     | Found a staircase to the Depths.
 38407 | D:15     | Bought a runed short sword for 186 gold pieces
 38750 | Spider:1 | Entered Level 1 of the Spider Nest
 40550 | Spider:2 | Reached XP level 17. HP: 127/127 MP: 27/27
 40664 | Spider:2 | Found a runed translucent door.
 41433 | Spider:2 | Found a runed translucent door.
 41433 | Spider:2 | Noticed Boen's ghost (adept DsAK)
 41514 | Spider:2 | Noticed Nikola
 41546 | Spider:2 | Killed Nikola
 42383 | Spider:3 | Learned a level 4 spell: Cause Fear
 42389 | Spider:3 | Learned a level 5 spell: Silence
 42689 | Spider:3 | Found a frozen archway.
 42724 | IceCv    | Entered an ice cave
 43126 | IceCv    | Noticed an Ice Fiend
 43126 | IceCv    | Noticed an Ice Fiend
 43128 | IceCv    | Killed an Ice Fiend
 43129 | IceCv    | Reached skill level 5 in Shields
 43138 | IceCv    | Killed an Ice Fiend
 43188 | IceCv    | Got the Catalogue of Saltpetre
 43798 | Spider:3 | Reached XP level 18. HP: 133/134 MP: 1/28
 44577 | Spider:3 | Got Sif Muna's Tome of Poisoning
 44766 | Spider:4 | Entered Level 4 of the Spider Nest
 44994 | Spider:4 | Identified the +1 buckler "Viemaps" {rF+ Slay+2}
 45025 | Spider:4 | Found a transporter.
 45049 | Spider:4 | Noticed Arachne
 45076 | Spider:4 | Killed Arachne
 45227 | Spider:4 | Found a transporter.
 45234 | Spider:4 | Noticed Delamore's ghost (adept OpBr)
 45392 | Spider:4 | HP: 6/134 [wolf spider (9)]
 45392 | Spider:4 | HP: 1/134 [redback (5)]
 45395 | Spider:4 | Succumbed to a redback's poison

Illustrated notes

Levels and vault maps discovered:
D:1:      dpeg_arrival_three_same_balls, layout_loops_cross,
          hellmonk_ecumenical_altar_zigzags, minmay_indecisive_spiral
D:2:      layout_basic
D:3:      layout_loops_corners, mainiacjoe_overflow_surrounded_room,
          beargit_hepliaklqana_dungeon_heroes, minmay_strange_pillars,
          hangedman_feature_mirror
D:4:      layout_cave_pools, kennysheep_mini_moat, grunt_qazlal_clouds,
          uniq_ijyb, uniq_edmund
D:5:      layout_loops_corners, kennysheep_slug_shrine, uniq_pikel, uniq_grinder
D:6:      layout_rooms, lemuel_blue_sif_altar, minmay_misc_feat_secret_circle,
          kennysheep_potato
D:7:      layout_loops_ring, minmay_temple_entry_sparse_star, serial_shops,
          shop_coins
D:8:      layout_loops_corners, trog_antimagical, gammafunk_ghost_smash,
          amcnicky_mini_corridor_feature, chequers_serial_rivers_small_b,
          nicolae_two_hexagons, uniq_maggie
D:9:      layout_basic, general_overflow_altar, mainiacjoe_overflow_catwalk,
          david_orc_5
D:10:     kennysheep_blocky_room, layout_stronghold, chequers_arboretum,
          grunt_ogre_cave, nicolae_underground_beach
D:11:     layout_basic, lair_entry_dummy, kennysheep_diamond
D:12:     layout_grid_maze, chequers_serial_rivers_micro_a
D:13:     layout_basic, serial_shops, shop, drop_trap
D:14:     layout_irregular_city, grunt_vaults_entry_fortified,
          gauntlet_entry_generic, minmay_misc_feat_more_columns,
          nicolae_take_the_stairs, uniq_rupert, uniq_snorg
D:15:     grunt_enter_depths_hoard, layout_loops_ring,
          nicolae_uskayaw_murder_on_the_dancefloor, serial_shops, shop,
          uniq_agnes
Temple:   oiseaux_autumnal_temple
Lair:1:   layout_regular_city, lemuel_centaur_altar
Lair:2:   layout_cave_pods, nicolae_spider_entry_tight_spaces,
          grunt_megastairs_3
Lair:3:   layout_gridlike, gammafunk_ghost_arena, grunt_forest_large_clearings,
          uniq_nergalle
Lair:4:   layout_regular_city, swamp_mist
Lair:5:   layout_regular_city, grunt_megastairs_4, lemuel_fruit_fields,
          infiniplex_staircase_pool, serial_bayou_shore_b
Lair:6:   grunt_lair_end_beastmaster, layout_regular_city,
          dpeg_slime_entry_enclosed_altar, uniq_josephine
Swamp:1:  layout_falls_marsh, nicolae_swamp_very_dense_foliage, swamp_pool1,
          hangedman_swamp_grove
Spider:1: layout_chambers, drop_trap
Spider:2: cheibrodos_spider_deadly_dance, gammafunk_ghost_grave,
          nicolae_spider_undead_wolf_pack, uniq_nikola
Spider:3: layout_chambers, portal_ice_cave_entry_ice_statue_one,
          nicolae_spider_bug_shape
Spider:4: guppyfry_spider_rune, gammafunk_ghost_berserking_beasts, uniq_arachne
Orc:1:    layout_diamond_mine, serial_shops, shop, uniq_jorgrun, uniq_gastronok
Orc:2:    st_orc_pillars, layout_caves

Skill      XL: |  1  2  3  4  5  6  7  8  9 10 11 12 13 14 15 16 17 18 |
---------------+-------------------------------------------------------+-----
Short Blades   | 3 4 5 7 9 10 11 14 | 14.0
Throwing       | 3 4 5 6 9 10 | 10.0
Fighting       | 5 8 10 13 14 15 | 15.0
Dodging        | 5 6 10 11 13 14 | 14.5
Evocations     | 5 8 10 11 | 11.8
Stealth        | 8 10 11 13 | 13.8
Spellcasting   | 2 5 6 7 |  7.0
Hexes          | 3 5 7 9 10 11 12 | 12.1
Shields        | 4 5 7 |  7.4

Action                   |  1- 3 |  4- 6 |  7- 9 | 10-12 | 13-15 | 16-18 || total
-------------------------+-------+-------+-------+-------+-------+-------++-------
Melee: Dagger            |    74 |   107 |   118 |   686 |  1449 |   326 ||  2760
       Tentacles         |     7 |    10 |    19 |   159 |   343 |   301 ||   839
       Constrict         |     7 |     7 |    11 |    92 |   152 |   152 ||   421
       Short sword       |       |       |       |       |       |   365 ||   365
       Rapier            |       |       |       |       |       |   400 ||   400
Throw: Dart              |       |     6 |    13 |    32 |    13 |     8 ||    72
       Stone             |       |     6 |     3 |    20 |       |       ||    29
       Boomerang         |       |       |       |    43 |   132 |   210 ||   385
       Javelin           |       |       |       |       |     4 |     1 ||     5
       Throwing net      |       |       |       |       |       |     4 ||     4
 Cast: Dazzling Flash    |       |       |       |     1 |    14 |    11 ||    26
       Tukima's Dance    |       |       |       |       |       |    31 ||    31
       Cause Fear        |       |       |       |       |       |     1 ||     1
Invok: Call Merchant     |       |       |       |     1 |     3 |     1 ||     5
       Potion Petition   |       |       |       |       |     2 |     7 ||     9
 Abil: Evoke Invisibilit |       |       |       |       |     3 |       ||     3
Evoke: Wand              |       |       |     4 |       |     5 |    14 ||    23
       Condenser vane    |       |       |       |       |       |     6 ||     6
  Use: Potion            |       |     2 |     5 |     3 |     2 |    18 ||    30
       Scroll            |       |     3 |     8 |     4 |    13 |    15 ||    43
 Stab: Sleeping          |    14 |    12 |    17 |    15 |    66 |    39 ||   163
       Distracted        |       |       |     1 |     5 |    17 |    15 ||    38
       Fleeing           |       |       |     1 |       |       |       ||     1
       Betrayed ally     |       |       |     1 |       |       |       ||     1
       Invisible         |       |       |       |     1 |    17 |     7 ||    25
       Held in net/web   |       |       |       |       |       |     1 ||     1
       Paralysed         |       |       |       |       |       |     1 ||     1
Armor: Skin              |     4 |     2 |    42 |    70 |   155 |   203 ||   476
Dodge: Dodged            |    25 |    29 |    45 |   318 |   906 |   936 ||  2259
Block: Buckler           |       |       |       |       |   207 |   367 ||   574
